 Dungeon Crawl Stone Soup version 0.21-a0-55-gb612c23 (webtiles) character file.

68 BrendanD the Skirmisher (level 4, 0/78 HPs)
             Began as an Ogre Berserker on June 14, 2017.
             Was a Believer of Trog.
             Slain by a river rat (9 damage)
             ... on level 3 of the Dungeon.
             The game lasted 00:03:08 (1295 turns).

BrendanD the Skirmisher (Ogre Berserker)            Turns: 1295, Time: 00:03:09

Health: 0/78       AC:  3    Str: 27    XL:     4   Next: 19%
Magic:  4/4        EV: 10    Int:  8    God:    Trog [**....]
Gold:   43         SH:  0    Dex:  8    Spells: 3/3 levels left

rFire    . . .     SeeInvis .   a - +0 mace
rCold    . . .     Gourm    .   (no shield)
rNeg     . . .     Faith    .   b - +0 animal skin
rPois    .         Spirit   .   (helmet restricted)
rElec    .         Reflect  .   (no cloak)
rCorr    .         Harm     .   (gloves unavailable)
MR       .....                  (boots unavailable)
Stlth    ..........             (no amulet)
HPRegen  0.23/turn              (no ring)
MPRegen  0.09/turn              (no ring)

@: berserking, slow
A: unfitting armour, tough skin 1
a: Berserk, Trog's Hand, Burn Spellbooks, Renounce Religion


You were on level 3 of the Dungeon.
You worshipped Trog.
Trog was pleased with you.
You were near starving.

You visited 1 branch of the dungeon, and saw 4 of its levels.

You collected 43 gold pieces.

Inventory:

Hand Weapons
 a - a +0 mace (weapon)
Missiles
 l - 4 curare-tipped needles
Armour
 b - a +0 animal skin (worn)
Scrolls
 e - a scroll of blinking {unknown}
 f - a scroll of remove curse {unknown}
 g - 3 scrolls of identify {unknown}
 h - a scroll of immolation {unknown}
 i - a scroll of fear {unknown}
 n - a scroll of enchant armour {unknown}
Comestibles
 c - a bread ration
 d - 2 fruits
 j - 4 chunks of flesh


   Skills:
 * Level 5.9 Fighting
 + Level 3.2 Maces & Flails
 - Level 2.6 Dodging


You had 3 spell levels left.
You didn't know any spells.

Dungeon Overview and Level Annotations

Branches:
Dungeon (4/15)
 Temple: D:4-7

Altars:
Nemelex Xobeh


Innate Abilities, Weirdness & Mutations

You are too large for most types of armour.
You have tough skin. (AC +1)


Message History

* * * LOW HITPOINT WARNING * * *
The adder closely misses you.
The river rat twitches its whiskers.
A red film seems to cover your vision as you go berserk!
You feel yourself moving faster!
You feel mighty!
You are near starving!
The adder barely misses you. The river rat completely misses you.
You hit the adder. The adder bites you but does no damage.
The river rat barely misses you.
You closely miss the adder. The adder closely misses you.
The river rat bites you.
* * * LOW HITPOINT WARNING * * *
You sock the adder!
You kill the adder!
Trog accepts your kill.
You sock the river rat!
Your skin stops crawling.
You feel less resistant to hostile enchantments.
The river rat bites you!
You die...

#...÷.## ....#
#.....#
#......##.##.##
#.#.#..
#.#............
#.#.#..
#.#....≈.....#
#.#.#.. #
#..≈≈≈≈≈.≈.#
#.#.#.#
#####≈#≈#≈≈#
..#...#
#≈≈≈≈≈≈≈≈≈#
####..#
#≈#########
#... #≈≈†gr@#
#######.#
####≈#r#
.........
≈≈w#≈#
######.#.
#≈##≈#≈# #.#. #
≈≈#≈# #.#.
≈##≈# #.#. #≈
#≈≈ #.## #≈ #≈#
#. # #. #


You could see 2 river rats and a goblin.

Vanquished Creatures
  4 adders (D:3)
  A dart slug (D:1)
  A ball python (D:2)
  4 goblins (D:1)
  3 hobgoblins (D:1)
  2 jackals (D:1)
  4 bats
  3 frilled lizards (D:1)
  7 kobolds (D:1)
  5 rats
34 creatures vanquished.

Notes
Turn   | Place    | Note
-------+----------+-------------------------------------------
     0 | D:1      | BrendanD the Ogre Berserker began the quest for the Orb.
     0 | D:1      | Reached XP level 1. HP: 24/24 MP: 1/1
   100 | D:1      | Reached XP level 2. HP: 13/33 MP: 2/2
   660 | D:1      | Reached skill level 5 in Fighting
   835 | D:1      | Reached XP level 3. HP: 38/42 MP: 3/3
  1087 | D:2      | You fall through a shaft for 2 floors!
  1091 | D:3      | Found a sparkling altar of Nemelex Xobeh.
  1142 | D:3      | Reached ** piety under Trog
  1180 | D:3      | Reached XP level 4. HP: 38/52 MP: 4/4
  1289 | D:3      | HP: 2/52 [adder (1)]
  1295 | D:3      | Slain by a river rat

Vault maps used:
D:1:      dpeg_arrival_orchard, st_stairs_6, fountainhead
D:2:      dk_yredelemnul_ordeal, uniq_robin, uniq_natasha
D:3:      nemelex_xobeh_ov_fountains_minmay, lightli_sewer_entry_pipes,
          nemelex_dance_club_becter
D:4:      cheibrodos_greedy_goblins, first_bread

Skill      XL: |  1  2 |
---------------+-------+-----
Maces & Flails | 3 |  3.2
Fighting       | 5 |  5.9
Dodging        | |  2.6

Action                   |  1- 3 |  4- 6 || total
-------------------------+-------+-------++-------
Melee: Mace              |    91 |    12 ||   103
Invok: Berserk           |       |     1 ||     1
       Trog's Hand       |       |     1 ||     1
  Use: Potion            |     1 |     1 ||     2
  Eat: Chunk             |     1 |       ||     1
Armor: Animal skin       |    28 |     3 ||    31
       Skin              |    51 |     4 ||    55
Dodge: Dodged            |    50 |    19 ||    69
